← All builds
Tech / Armada / Economy first / OBSERVED BUILD

Standard tech

Armada Tech (Eco) build order · Supreme Isthmus

Rushes T2 by 4:15, gets Advanced Metal Extractor around 5:28, hands off T2 constructors to Geo and the team, then scales eco and supplies the team's T2 needs through the rest of the game.

Usually first T2 con to Geo (83%)

#eco #t2 #team support · 1574 distinct matches · 255 players · 58% of Armada Tech games · team won 53% of 1868 · Recently observed

HOW TO PLAY IT

Key timing: T2 factory by 4:15

  1. Open 3 mex and heavy wind to fund a fast T2 rush.
  2. Put down Bot Lab, planning to eat it for reclaim soon after.
  3. Get Advanced Bot Lab up, hitting the T2 factory rush timing.
  4. Upgrade mex to Advanced Metal Extractor to lock in team metal income.
  5. Eat Advanced Bot Lab and keep sending cons to Geo and Pond.

Phase by phase

TYPICAL OF ITS 1574 GAMES
  1. 1
  2. 2
  3. 3
  4. 4
PLAY THE OPENING

Follow the example game's first 6:00 step by step: what to build now, what comes next, and where it goes. At 1× it keeps pace with your own game.

  1. 1

    Up to the Bot Lab

    Economy
    • Metal Extractor3Mex
    • Wind Turbine4Wind
    Order
    1. Bot LabBot Lab after 3 mex, 4 winddone ~1:18, middle half 1:13–1:32

    Some games also: energy storage (31%)

    By 1:01 in all: 3 mex · 4 wind

    The example game in this phase · 5 steps
    1. Mex ×3
    2. Wind ×4
    3. Energy storage
    4. Wind ×2
    5. Bot LabBot Labdone 1:46 · typical 1:18
  2. 2

    Bot Lab to Advanced Bot Lab

    Economy
    • Metal Extractor1Mex
    • Wind Turbine8Wind
    • Energy Storage1Energy storage
    Order
    1. Advanced Bot LabAdvanced Bot Lab after 4 mex, 12 wind, 3 con turretdone ~4:16, middle half 4:04–4:30
    Builders
    • Construction Turret3 Con turret
    • Lazarus3 Lazarus
    • Construction Bot2 Con bot
    • Construction Bot1 Con bot for allies

    Some games also: converter (36%)

    By 3:18 in all: 4 mex · 12 wind · 1 energy storage · 3 con turret

    The example game in this phase · 14 steps
    1. LazarusLazarus ×2
    2. Wind
    3. LazarusLazarus
    4. Wind ×3
    5. Construction BotCon bot
    6. Wind
    7. Construction BotCon botfor Air
    8. Construction BotCon bot
    9. Wind
    10. Con turret
    11. Mex
    12. Con turret ×2
    13. Converter ×2
    14. Advanced Bot LabAdvanced Bot Labdone 4:46 · typical 4:16
  3. 3

    Advanced Bot Lab to 5:00

    Economy
    • Wind Turbine3Wind
    Order
    1. Bot LabEat Bot Lab
    Builders
    • Advanced Construction Bot1 T2 con bot for allies

    Some games also: converter (35%)

    By 5:00 in all: 4 mex · 15 wind · 1 converter · 1 energy storage · 3 con turret

    The example game in this phase · 5 steps
    1. Energy storage
    2. Converter
    3. Bot LabEat Bot Labreclaimed for its metal
    4. Converter
    5. Advanced Construction BotT2 con botfor Air
  4. 4

    5:00 to 10:00

    Economy
    • Wind Turbine43Wind
    • Energy Converter6Converter
    Builders
    • Butler9 Butler
    • Advanced Construction Bot4 T2 con bot for allies
    • Advanced Construction Bot1 T2 con bot

    Some games also: con turret (43%) · Butler for allies (37%)

    By 10:00 in all: 4 mex · 58 wind · 8 converter · 1 energy storage · 3 con turret

    The example game in this phase · 171 steps
    1. Advanced Metal ExtractorT2 mex ×3done 5:46 · typical 5:29
    2. GunslingerGunslingerfor Geodone 6:18
    3. Advanced Construction BotT2 con botfor Geo sea
    4. ButlerButler ×3
    5. Advanced Construction BotT2 con botfor Geo
    6. Advanced Metal ExtractorT2 mex
    7. ButlerButler ×4
    8. Wind
    9. ButlerButler
    10. Wind ×2
    11. ButlerButler
    12. Wind ×2
    13. Advanced Construction BotT2 con botfor Beach sea
    14. Wind ×6
    15. Converter
    16. Wind ×3
    17. ButlerButlerfor Geo sea
    18. Wind
    19. Converter
    20. Wind ×2
    21. ButlerButlerfor Geo sea
    22. Wind ×2
    23. Converter
    24. Wind ×2
    25. ButlerButlerfor Beach sea
    26. Wind
    27. Converter
    28. Wind ×2
    29. ButlerButlerfor Beach sea
    30. Wind
    31. Converter
    32. Wind ×2
    33. ButlerButler
    34. Wind
    35. Converter
    36. Wind ×2
    37. ButlerButler
    38. Wind ×2
    39. Converter
    40. ButlerButler
    41. Wind ×2
    42. Converter
    43. Wind ×4
    44. Converter
    45. Wind ×2
    46. Converter
    47. Wind ×6
    48. Converter
    49. Wind ×2
    50. ButlerButler
    51. Wind
    52. Converter
    53. Wind ×3
    54. ButlerButler
    55. Wind ×2
    56. Converter
    57. Wind
    58. Con turret
    59. Wind
    60. ButlerButler
    61. Wind ×3
    62. Converter
    63. Wind ×2
    64. Con turret
    65. Wind ×3
    66. Converter
    67. Wind
    68. SharpshooterSniper botdone 11:00
    69. Con turret
    70. Wind ×2
    71. Converter
    72. Wind ×3
    73. Converter
    74. Wind ×4
    75. Converter
    76. Wind ×2
    77. Converter
    78. Wind
    79. SharpshooterSniper bot
    80. Wind ×4
    81. Converter
    82. Wind ×3
    83. Converter
    84. Wind ×3
    85. UmbrellaAnti-nukedone 11:58
    86. Converter
    87. Wind ×4
    88. Converter
    89. Wind ×4
    90. Converter
    91. Wind ×5
    92. Converter
    93. Wind ×4
    94. Converter
    95. Wind ×5
    96. Converter
    97. Wind ×4
    98. Advanced Construction BotT2 con bot
    99. Wind ×3
    100. Converter
    101. Wind ×6
    102. Converter
    103. Wind ×7
    104. Fusion ReactorFusiondone 13:27
    105. Converter
    106. Wind ×5
    107. Converter
    108. Wind ×4
    109. Converter
    110. Wind ×6
    111. Converter
    112. Wind ×4
    113. Converter
    114. Wind ×4
    115. Converter
    116. Wind ×3
    117. Advanced Bot LabEat Advanced Bot Labreclaimed for its metal
    118. Wind ×5
    119. Converter
    120. Wind ×5
    121. Converter
    122. Wind ×3
    123. Vehicle PlantVehicle Plantdone 13:32
    124. Wind ×4
    125. Converter
    126. Wind ×8
    127. Converter
    128. Wind ×6
    129. Converter
    130. Wind ×7
    131. Converter
    132. Wind ×4
    133. Fusion ReactorFusion
    134. Wind ×3
    135. Converter
    136. Wind ×5
    137. T2 converter
    138. Wind ×3
    139. Vehicle PlantEat Vehicle Plantreclaimed for its metal
    140. Converter
    141. Wind
    142. Con turret
    143. Wind ×5
    144. Converter
    145. Wind
    146. Con turret
    147. Wind ×3
    148. Con turret
    149. Wind ×3
    150. Converter
    151. Con turret
    152. Wind ×3
    153. Con turret
    154. Wind ×4
    155. Con turret
    156. Converter
    157. Wind ×5
    158. Converter
    159. Wind ×4
    160. T2 converter ×2
    161. Wind ×3
    162. Converter
    163. Wind ×8
    164. Converter
    165. Wind ×5
    166. Converter
    167. Wind ×7
    168. Converter
    169. Wind
    170. Advanced Bot LabAdvanced Bot Labnot finished by 15:00
    171. Wind ×3

Counts are medians over the build's games: half of them build more, half fewer. The example game is Ihatesea's (31 OS, 06/10/2026); pick another.

Team trades

IN AT LEAST 30% OF ITS GAMES

You hand over

  • Construction Bot1 Con bot to Airfirst at 2:24 · in 84% of games
  • Advanced Construction Bot5 T2 con bot to Air or Geo sea or Pondfirst at 4:50 · in 99% of games
  • Butler2 Butler to Geo sea or Beach sea or Pondfirst at 9:07 · in 42% of games

You get

  • Hercules1 Light transport from Airfirst at 4:01 · in 86% of games

How it plays out

Typical game of this build, running totals by minute

Metal produced

020k40k
0:005:0010:0015:00

metal

Enemy metal destroyed

050100
0:005:0010:0015:00

metal

Own metal lost

050100150
0:005:0010:0015:00

metal

1868 games.

Show as table
ByMetal produced: This buildEnemy metal destroyed: This buildOwn metal lost: This build
1:0038300
2:0091500
3:00165100
4:00314300
5:00484800
6:00580000
7:00722700
8:00906100
9:001116900
10:001350200
11:001623900
12:001965200
13:002344100
14:0027357074
15:003153885130
WHAT THE NUMBERS SAY

Standard Tech play barely fights at all early, instead pouring metal into T2 infrastructure and constructors for the team.

  • + Metal produced hits 31679 by 15:00, by far the highest of any role here.
  • + T2 factory reached in 97% of games by 4:15, fastest and most reliable T2 timing.
  • − Enemy metal destroyed stays at 0 through 10:00, no early offense at all.
  • − Own metal lost also near 0, showing total avoidance of combat risk.
THE EXAMPLE YOU ARE READING

Ihatesea

31.1 OS · 06/10/2026

Open source match ↗

1 received units
1342 metal received · 115846 energy received

Allied construction assistance is unknown. Timings are observations, not a promise of solo reproducibility.

Typical milestones

Bot Lab1:18Middle 50%: 1:13–1:32 · n=1868
Advanced Bot Lab4:16Middle 50%: 4:04–4:30 · n=1861
Advanced Metal Extractor5:29Middle 50%: 5:06–5:59 · n=1864

Played most by

Amrissa93games of this buildTheGeneraI66games of this buildAdeus57games of this buildEl_Turco56games of this buildKOT_43games of this build